 Dungeon Crawl Stone Soup version 0.29.0-4-gdea44cf6ec (webtiles) character file.

Game seed: 15001225179588581976

8 qw the Sneak (level 2, -8/19 HPs)
             Began as a Gargoyle Delver on Sept 10, 2022.
             Mangled by an iguana (9 damage)
             ... on level 4 of the Dungeon.
             The game lasted 00:00:05 (237 turns).

qw the Sneak (Gargoyle Delver)                       Turns: 237, Time: 00:00:06

Health: -8/19      AC:  6    Str: 15    XL:     2   Next: 8%
Magic:  2/2        EV:  9    Int: 10    God:
Gold:   0          SH:  7    Dex: 11    Spells: 1/1 levels left

rFire   . . .      SeeInvis .   a - +0 hand axe
rCold   . . .      Faith    .   i - +0 kite shield
rNeg    + . .      Spirit   .   b - +0 leather armour
rPois   inf        Reflect  .   (no helmet)
rElec   +          Harm     .   (no cloak)
rCorr   .          Rampage  .   (no gloves)
Will    .....                   c - +0 pair of boots
Stlth   +++.......              (no amulet)
HPRegen 0.06/turn               (no ring)
MPRegen 0.08/turn               (no ring)

@: no status effects
A: sickness immunity, AC +2, negative energy resistance 1, electricity
resistance, torment resistance 1, petrification resistance
a: no special abilities


You were on level 4 of the Dungeon.
You visited 2 branches of the dungeon, and saw 3 of its levels.


Innate Abilities, Weirdness & Mutations

You are immune to sickness and miasma.
Your stone body is resilient. (AC +2)
You are immune to poison.
You resist negative energy. (rN+)
You are resistant to electric shocks. (rElec)
You are resistant to unholy torment.
You are immune to petrification.


   Skills:
 - Level 3.2 Fighting
 - Level 2.2 Axes
 - Level 1.5 Dodging
 - Level 5.4 Stealth
 + Level 0.9 Shields


You had one spell level left.
You didn't know any spells.
Your spell library was empty.

Inventory:

Hand Weapons
 a - a +0 hand axe (weapon)
Armour
 b - a +0 leather armour (worn)
 c - a +0 pair of boots (worn)
 i - a +0 kite shield (worn)
Wands
 g - a wand of digging (3)
Potions
 d - a potion of heal wounds {unknown}
 f - a potion of haste

Dungeon Overview and Level Annotations

Branches:
Dungeon (5/15)             Temple (1/1) D:5

Altars:
Ashenzari
Cheibriados
Elyvilon
Fedhas
Kikubaaqudgha
Makhleb
Nemelex Xobeh
Qazlal
Sif Muna
Uskayaw
Vehumet
Wu Jian
Xom
Yredelemnul
Zin
The Shining One


Message History

The goblin shouts!
The adder hisses angrily.
The hobgoblin hits you.
You hit the hobgoblin.
You kill the hobgoblin!
The dart slug launches a dart at you. The slug dart hits you.
You have reached level 2!
You block the adder's attack. The adder bites you but does no damage.
You hit the adder but do no damage. The adder bites you but does no damage.
The iguana bites you! The adder barely misses you.
You miss the adder. You hit the iguana but do no damage.
You block the adder's attack. The iguana barely misses you.
You closely miss the adder. You barely miss the iguana.
You barely miss the dart slug. You miss the goblin. The adder bites you.
The iguana barely misses you. You block the goblin's attack.
The adder bites you but does no damage.
The dart slug bites you but does no damage.
The iguana closely misses you. You block the goblin's attack.
The jelly quivers.
You hit the adder.
The adder is moderately wounded.
You hit the iguana but do no damage. You hit the dart slug.
You miss the goblin. The adder bites you. The adder closely misses you.
The iguana barely misses you. The goblin hits you but does no damage.
The dart slug bites you but does no damage.
You miss the adder.
The adder is moderately wounded.
You hit the goblin.
You kill the goblin!
You barely miss the iguana. You barely miss the dart slug.
You block the adder's attack.
The iguana bites you but does no damage.
The dart slug bites you but does no damage.
The adder bites you but does no damage.
You hit the adder.
The adder is severely wounded.
You hit the iguana but do no damage. You hit the dart slug but do no damage.
The iguana bites you!
You die...

.. ......# ...
......... ....
.........
.#..####........
........(.......
#....J..........
#............###
.......w).......
####....@S.....#
#....%l......
#?...........
#............
#............
#.........###
#........[#
#.........#


You could see an iguana, a jelly, an adder and a dart slug.

Vanquished Creatures
  An ufetubus (D:5)
  A goblin (D:4)
  A hobgoblin (D:4)
3 creatures vanquished.

Notes
Turn   | Place    | Note
-------+----------+-------------------------------------------
     0 | D:5      | qw the Gargoyle Delver began the quest for the Orb.
     0 | D:5      | Reached XP level 1. HP: 14/14 MP: 1/1
     0 | D:5      | 0 ||| qw: Version: 0.1-a-116-g5d60599
     0 | D:5      | 0 ||| qw: Game counter: 8581
     0 | D:5      | 0 ||| qw: Always use a shield: true
     0 | D:5      | 0 ||| qw: God list: Okawaru
     0 | D:5      | 0 ||| qw: Allow faded altars: false
     0 | D:5      | 0 ||| qw: Do Orc after D:15 true
     0 | D:5      | 0 ||| qw: Do second Lair branch before Depths: true
     0 | D:5      | 0 ||| qw: Lair rune preference: random
     0 | D:5      | 0 ||| qw: Plans: Normal
     0 | D:5      | 0 ||| PLANNING D:1-11
    50 | D:5      | Found a staircase to the Ecumenical Temple.
    51 | D:5      | 51 ||| PLANNING TEMPLE
    51 | D:5      | 51 ||| UPGRADING to +0 kite shield.
    51 | D:5      | Noticed a scorpion
    56 | D:5      | 56 ||| DRINKING 2 bubbling green potions.
    57 | D:5      | 57 ||| DROPPING scroll of fog.
    58 | D:5      | 58 ||| DROPPING scroll of magic mapping.
    59 | D:5      | 59 ||| DROPPING scroll of fear.
    60 | D:5      | 60 ||| DROPPING potion of brilliance.
    67 | Temple   | Entered the Ecumenical Temple
    80 | Temple   | 80 ||| PLANNING D:1-11
   129 | D:5      | Found a glowing golden altar of the Shining One.
   169 | D:5      | 169 ||| Stepping ~*~*~tactically~*~*~ (hiding).
   209 | D:5      | 209 ||| Stepping ~*~*~tactically~*~*~ (stealth).
   210 | D:5      | 210 ||| Stepping ~*~*~tactically~*~*~ (stealth).
   211 | D:5      | 211 ||| UPGRADING to +0 pair of boots.
   216 | D:5      | 216 ||| Stepping ~*~*~tactically~*~*~ (stealth).
   217 | D:5      | 217 ||| Stepping ~*~*~tactically~*~*~ (stealth).
   219 | D:5      | 219 ||| Stepping ~*~*~tactically~*~*~ (stealth).
   227 | D:4      | Noticed a jelly
   227 | D:4      | Noticed an iguana
   231 | D:4      | Reached XP level 2. HP: 11/19 MP: 2/2
   232 | D:4      | HP: 4/19 [iguana (7)]
   235 | D:4      | HP: 1/19 [adder (1)]
   237 | D:4      | Mangled by an iguana

Levels and vault maps discovered:
D:4:      layout_rooms
D:5:      layout_loops_ring, mainiacjoe_overflow_concentric_impassable,
          nicolae_ru_the_path_less_chosen, minmay_temple_entry_slanted,
          serial_shops, nicolae_shop_behind_doors, uniq_grinder
Temple:   hellmonk_temple_two_chambers

Skill      XL: |  1 |
---------------+----+-----
Axes           | 2 |  2.2
Fighting       | |  3.2
Dodging        | |  1.5
Stealth        | |  5.4
Shields        | |  0.9

Action                   || total
-------------------------++-------
Melee: Hand axe          ||    11
  Use: Potion            ||     1
 Stab: Sleeping          ||     1
Armor: Leather armour    ||     9
Dodge: Dodged            ||    10
Block: Kite shield       ||     5

Table legend:
 A = Non-vault XP
 B = Vault XP
 C = Vault XP percentage of total XP
 D = Non-vault monster count
 E = Vault monster count
 F = Vault count percentage of total count
                 A         B        C        D         E       F
            +---------+---------+-------+---------+---------+-------
      Total |      12 |       0 |   0.0 |       3 |       0 |   0.0
            +---------+---------+-------+---------+---------+-------
        D:4 |       4 |       0 |   0.0 |       2 |       0 |   0.0
        D:5 |       8 |       0 |   0.0 |       1 |       0 |   0.0
            +---------+---------+-------+---------+---------+-------
